 Dungeon Crawl Stone Soup version 0.30-a0-726-gd89dcf765f (webtiles) character file.

Game seed: 1427697651771738326

40 scionoferis the Shooter (level 3, -4/27 HPs)
             Began as a Demigod Hexslinger on Jan 29, 2023.
             Hit by a javelin thrown by an orc (7 damage)
             ... on level 2 of the Dungeon.
             The game lasted 00:01:57 (851 turns).

scionoferis the Shooter (Demigod Hexslinger)         Turns: 851, Time: 00:01:58

Health: -4/27      AC:  2    Str: 11    XL:     3   Next: 14%
Magic:  15/15      EV: 12    Int: 15    God:
Gold:   29         SH:  5    Dex: 18    Spells: 3/4 levels left

rFire   . . .      SeeInvis .    a - +1 sling
rCold   + . .      Faith    .    (no shield)
rNeg    . . .      Spirit   .    c - +0 robe
rPois   .          Reflect  +    (no helmet)
rElec   .          Harm     .    (no cloak)
rCorr   .          Rampage  .    (no gloves)
Will    .....                    (no boots)
Stlth   ++                       g - amulet of reflection
HPRegen 0.24/turn                e - ring of protection from cold
MPRegen 0.14/turn                h - ring of magical power

@: mighty
A: high MP 1, forlorn, divine attributes
a: no special abilities


You were on level 2 of the Dungeon.
You visited 1 branch of the dungeon, and saw 2 of its levels.

You collected 29 gold pieces.


Innate Abilities, Weirdness & Mutations

You have an increased reservoir of magic. (+10% MP)
You shall have no god before yourself.
Your divine heritage dramatically boosts your attributes as you level up.


   Skills:
 - Level 0.8 Fighting
 * Level 2.7 Ranged Weapons
 + Level 2.2 Dodging
 + Level 1.2 Stealth
 - Level 1.0 Spellcasting
 - Level 2.6 Hexes


You had 3 spell levels left.
You knew the following spells:

 Your Spells              Type           Power      Damage    Failure   Level
a - Slow                  Hex            32%        N/A       9%          1

Your spell library contained the following spells:

 Spells                   Type           Power      Damage    Failure   Level
 Inner Flame              Hex/Fire       4%         N/A       38%         3
 Portal Projectile        Hex/Tloc       8%         N/A       38%         3
 Cause Fear               Hex            4%         N/A       63%         4

Inventory:

Hand Weapons
 a - a +1 sling (weapon)
Armour
 c - a +0 robe (worn)
Jewellery
 e - a ring of protection from cold (left hand)
   (You found it on level 1 of the Dungeon)
 g - an amulet of reflection (around neck)
   (You found it on level 1 of the Dungeon)
 h - a ring of magical power (right hand)
   (You found it on level 2 of the Dungeon)
Scrolls
 b - a scroll of poison
 i - a scroll of magic mapping {unknown}
Potions
 f - a potion of degeneration {unknown}

Dungeon Overview and Level Annotations

Branches:
Dungeon (2/15) .....# ....# ....# ...## ...> #oo

#)# #.# ##@# ...
#..# .... #.##
....#########.#
..........(##.#
...........'..#
...........######
................#
...###..######.#


You could see 2 orcs.


Message History

Welcome, scionoferis the Demigod Hexslinger.
If you return without finding the Orb of Zot, so far below, it's all over!
Press ? for a list of commands and other information.
Found a green potion.
Found a staircase leading out of the dungeon.
d - a green potion
Found a leather armour.
e - a ring of protection from cold A ball python comes into view.
The ball python hisses angrily.
You shoot a sling bullet.
The sling bullet barely misses the ball python.
You shoot a sling bullet. The sling bullet hits the ball python.
You kill the ball python!
No target in view!
No target in view!
You see here a +0 leather armour.
A quokka comes into view.
You shoot a sling bullet.
The sling bullet barely misses the quokka.
You shoot a sling bullet. The sling bullet hits the quokka.
The quokka is severely wounded.
You shoot a sling bullet.
The sling bullet hits the quokka but does no damage.
The quokka is severely wounded.
You shoot a sling bullet. The sling bullet hits the quokka.
The quokka is almost dead.
The quokka barely misses you. The quokka bites you.
You shoot a sling bullet. The sling bullet hits the quokka.
You kill the quokka!
HP restored.
A kobold comes into view. It is wielding a +0 dagger.
You shoot a sling bullet.
The sling bullet completely misses the kobold.
You shoot a sling bullet.
The sling bullet barely misses the kobold.
You shoot a sling bullet. The sling bullet hits the kobold.
You kill the kobold!
Your Ranged Weapons skill increases to level 2!
No target in view!
No target in view!
You see here a +0 dagger.
A kobold comes into view. It is wielding a +0 club.
The kobold shouts!
You shoot a sling bullet. The sling bullet hits the kobold.
You kill the kobold!
No target in view!
No target in view!
Things that are here:
a +0 club; 4 stones A hobgoblin comes into view.
You shoot a sling bullet. The sling bullet hits the hobgoblin.
You kill the hobgoblin!
No target in view!
No target in view!
A bat comes into view.
You shoot a sling bullet. The sling bullet hits the bat.
The bat is severely wounded.
You shoot a sling bullet. The sling bullet barely misses the bat.
The bat barely misses you. The bat completely misses you.
You shoot a sling bullet. The sling bullet barely misses the bat.
The bat barely misses you. The bat hits you but does no damage.
You shoot a sling bullet. The sling bullet hits the bat!
You kill the bat!
No target in view!
Found 3 stones.
A bat comes into view.
Okay, then.
You shoot a sling bullet. The sling bullet hits the bat.
You kill the bat!
Your Dodging skill increases to level 2!
No target in view!
A dart slug comes into view.
You see here 3 stones.
You shoot a sling bullet.
The sling bullet hits the dart slug but does no damage.
An endoplasm comes into view.
You shoot a sling bullet. The sling bullet hits the dart slug.
The dart slug is severely wounded.
You shoot a sling bullet.
The sling bullet barely misses the dart slug.
You shoot a sling bullet. The sling bullet hits the dart slug.
You kill the dart slug!
You have reached level 2!
You shoot a sling bullet.
The sling bullet completely misses the endoplasm.
You shoot a sling bullet. The sling bullet hits the endoplasm.
You kill the endoplasm!
No target in view!
No target in view!
A quokka comes into view.
You shoot a sling bullet. The sling bullet hits the quokka!
You kill the quokka!
No target in view!
No target in view!
No target in view!
A bat comes into view.
You shoot a sling bullet. The sling bullet hits the bat.
You kill the bat!
No target in view!
No target in view!
A frilled lizard comes into view.
You shoot a sling bullet.
The sling bullet hits the frilled lizard.
The frilled lizard hisses angrily.
The frilled lizard is heavily wounded.
You shoot a sling bullet.
The sling bullet closely misses the frilled lizard.
You shoot a sling bullet.
The sling bullet closely misses the frilled lizard.
You shoot a sling bullet.
The sling bullet hits the frilled lizard.
You kill the frilled lizard!
A quokka comes into view.
Found an emerald potion.
Found a stone staircase leading down.
You shoot a sling bullet.
The sling bullet hits the quokka but does no damage.
You shoot a sling bullet. The sling bullet misses the quokka.
You shoot a sling bullet. The sling bullet hits the quokka.
The quokka is almost dead.
You shoot a sling bullet.
The sling bullet barely misses the quokka.
You shoot a sling bullet.
The sling bullet closely misses the quokka.
The quokka bites you.
You shoot a sling bullet.
The sling bullet closely misses the quokka.
The quokka bites you. x2
You shoot a sling bullet. The sling bullet misses the quokka.
The quokka misses you.
You shoot a sling bullet.
The sling bullet closely misses the quokka.
The quokka completely misses you.
The quokka twitches its whiskers.
The quokka barely misses you.
You shoot a sling bullet.
The sling bullet closely misses the quokka.
The quokka completely misses you. The quokka closely misses you.
You shoot a sling bullet.
The sling bullet hits the quokka but does no damage.
The quokka is almost dead.
The quokka bites you.
You shoot a sling bullet.
The sling bullet hits the quokka but does no damage.
The quokka is almost dead.
The quokka bites you. x2
You shoot a sling bullet.
The sling bullet barely misses the quokka.
The quokka closely misses you.
You shoot a sling bullet.
The sling bullet barely misses the quokka.
The quokka bites you but does no damage.
The quokka closely misses you.
You shoot a sling bullet. The sling bullet hits the quokka.
You kill the quokka!
No target in view!
No target in view!
You see here a quokka corpse.
A bat comes into view.
You shoot a sling bullet.
The sling bullet completely misses the bat.
You shoot a sling bullet.
The sling bullet closely misses the bat.
The bat hits you but does no damage.
You shoot a sling bullet. The sling bullet misses the bat.
The bat hits you but does no damage.
You shoot a sling bullet. The sling bullet barely misses the bat.
The bat hits you.
You shoot a sling bullet. The sling bullet barely misses the bat.
The bat hits you but does no damage.
You shoot a sling bullet. The sling bullet misses the bat.
The bat barely misses you.
You shoot a sling bullet. The sling bullet barely misses the bat.
The bat hits you. The bat closely misses you.
You shoot a sling bullet. The sling bullet hits the bat.
You kill the bat!
No target in view!
No target in view!
f - an emerald potion You now have 4 gold pieces.
A rat comes into view.
You shoot a sling bullet. The sling bullet hits the rat.
You kill the rat!
No target in view!
No target in view!
Found a hand axe.
Found a stone staircase leading down.
A kobold comes into view. It is wielding a +0 short sword.
You shoot a sling bullet. The sling bullet hits the kobold.
You kill the kobold!
No target in view!
No target in view!
No target in view!
You enter the shallow water.
Moving in this stuff is going to be slow.
You now have 19 gold pieces (gained 15).
Found a whip.
You enter the shallow water.
Moving in this stuff is going to be slow.
A giant cockroach comes into view.
You shoot a sling bullet.
The sling bullet hits the giant cockroach but does no damage.
You shoot a sling bullet.
The sling bullet closely misses the giant cockroach.
The giant cockroach bites you but does no damage.
The giant cockroach closely misses you.
You shoot a sling bullet.
The sling bullet closely misses the giant cockroach.
The giant cockroach bites you.
You shoot a sling bullet.
The sling bullet hits the giant cockroach but does no damage.
The giant cockroach completely misses you.
The giant cockroach bites you.
You shoot a sling bullet.
The sling bullet barely misses the giant cockroach.
The giant cockroach closely misses you. The giant cockroach barely misses you.
You shoot a sling bullet.
The sling bullet hits the giant cockroach.
The giant cockroach is moderately wounded.
The giant cockroach closely misses you.
You shoot a sling bullet.
The sling bullet barely misses the giant cockroach.
The giant cockroach closely misses you.
You shoot a sling bullet.
The sling bullet closely misses the giant cockroach.
The giant cockroach completely misses you.
The giant cockroach misses you.
You shoot a sling bullet.
The sling bullet hits the giant cockroach but does no damage.
The giant cockroach is moderately wounded.
The giant cockroach misses you. The giant cockroach bites you.
You shoot a sling bullet.
The sling bullet hits the giant cockroach.
You kill the giant cockroach!
Your Stealth skill increases to level 1!
No target in view!
No target in view!
You see here a giant cockroach corpse.
A quokka comes into view.
You shoot a sling bullet.
The sling bullet closely misses the quokka.
You shoot a sling bullet. The sling bullet hits the quokka.
You kill the quokka!
No target in view!
No target in view!
No target in view!
Found a robe.
g - an amulet of reflection You see here a +0 robe.
A goblin comes into view. It is wielding a +0 club.
You shoot a sling bullet.
The sling bullet completely misses the goblin.
You shoot a sling bullet.
The sling bullet closely misses the goblin.
The goblin barely misses you.
You shoot a sling bullet. The sling bullet hits the goblin.
You kill the goblin!
No target in view!
You start putting on your amulet.
You continue putting on your amulet of reflection. x5
You finish putting on your amulet of reflection.
You feel a shielding aura gather around you.
g - an amulet of reflection (around neck)
e - a ring of protection from cold (left hand)
Things that are here:
a +0 club; a goblin corpse You see here a bat corpse.
An endoplasm comes into view.
You shoot a sling bullet. The sling bullet hits the endoplasm.
The endoplasm quivers.
The endoplasm is moderately wounded.
You shoot a sling bullet. The sling bullet hits the endoplasm.
You kill the endoplasm!
You hear a shout!
A kobold comes into view. It is wielding a +0 whip.
You shoot a sling bullet. The sling bullet hits the kobold!
You kill the kobold!
No target in view!
You now have 29 gold pieces (gained 10).
You see here a bat skeleton.
You see here a bat skeleton.
Found a stone staircase leading down.
There is a stone staircase leading down here.
A goblin comes into view. It is wielding a +0 club.
You shoot a sling bullet. The sling bullet hits the goblin.
The goblin is heavily wounded.
You shoot a sling bullet. The sling bullet hits the goblin.
You kill the goblin!
No target in view!
No target in view!
Found 3 stones.
You see here a +0 club.
A bat comes into view.
You shoot a sling bullet. The sling bullet hits the bat.
You kill the bat!
No target in view!
No target in view!
An endoplasm comes into view.
The endoplasm quivers.
You shoot a sling bullet. The sling bullet hits the endoplasm!
You kill the endoplasm!
No target in view!
No target in view!
You see here a bat corpse.
Found 8 stones.
You see here 8 stones.
A rat comes into view.
You shoot a sling bullet. The sling bullet hits the rat.
The rat is moderately wounded.
You shoot a sling bullet. The sling bullet hits the rat.
You kill the rat!
No target in view!
No target in view!
No target in view!
There is a staircase leading out of the dungeon here.
Done exploring.
Done exploring.
There is a stone staircase leading down here.
Search for what [? for help]? d: You climb downwards.
The goblin shouts!
Found a coral ring.
There is a stone staircase leading up here.
You shoot a sling bullet. The sling bullet hits the goblin.
The goblin is moderately wounded.
You shoot a sling bullet. The sling bullet hits the goblin.
You kill the goblin!
No target in view!
Found a stone staircase leading down.
h - a ring of magical power
There are no items here.
You feel your magic capacity increase.
h - a ring of magical power (right hand) Magic restored.
You open the door.
Found a stone staircase leading up.
An endoplasm comes into view.
You shoot a sling bullet. The sling bullet hits the endoplasm.
You kill the endoplasm!
No target in view!
No target in view!
i - a scroll labelled SATAUTTU QAYXT You open the door.
There is an open door here.
A rat comes into view.
You shoot a sling bullet. The sling bullet hits the rat.
The rat is heavily wounded.
You shoot a sling bullet. The sling bullet hits the rat.
You kill the rat!
You have reached level 3!
Your experience leads to a dramatic increase in your attributes!
Increase (S)trength, (I)ntelligence, or (D)exterity?
You feel agile. x4
Found 6 stones.
An endoplasm comes into view.
You shoot a sling bullet. The endoplasm quivers.
The sling bullet hits the endoplasm.
The endoplasm is heavily wounded.
You shoot a sling bullet.
The sling bullet hits the endoplasm but does no damage.
The endoplasm is heavily wounded.
You shoot a sling bullet. The sling bullet hits the endoplasm!
You kill the endoplasm!
No target in view!
You open the door.
There is an open door here. 2 orcs come into view.
An orc is wielding a +2 flail of venom.
Found a stone staircase leading down.
An orc comes into view. It is wielding a +0 flail.
The orc moves out of view. x2
You shoot a sling bullet. The sling bullet barely misses the orc.
The orc shouts!
You hear a shout! x2
A ball python comes into view.
The orc throws a javelin.
The javelin barely misses you.
The ball python moves out of view.
You shoot a sling bullet. The sling bullet hits the orc.
The orc is heavily wounded.
You shoot a sling bullet. The sling bullet hits the orc.
The orc is almost dead.
An orc comes into view. It is wielding a +0 trident.
You shoot a sling bullet.
The sling bullet hits the orc but does no damage.
The orc is almost dead.
An orc wizard comes into view. It is wielding a +2 dagger of venom.
You shoot a sling bullet.
The sling bullet hits the orc but does no damage.
The orc is almost dead.
The orc hits you with a +0 flail.
You shoot a sling bullet. The sling bullet hits the orc.
You kill the orc!
You shoot a sling bullet.
The sling bullet closely misses the ball python.
The sling bullet hits the orc.
The orc is moderately wounded.
The ball python barely misses you. You block the ball python's attack. x2
The ball python grabs you. The ball python constricts you.
You shoot a sling bullet.
The sling bullet closely misses the ball python.
The sling bullet closely misses the orc.
The sling bullet hits the orc wizard!
The orc wizard is heavily wounded.
You block the ball python's attack. The ball python constricts you.
The ball python completely misses you. The ball python constricts you.
You shoot a sling bullet. The sling bullet hits the ball python!
You kill the ball python!
You shoot a sling bullet.
The sling bullet closely misses the orc. x2
The orc hits you with a +2 flail of venom.
You shoot a sling bullet. The sling bullet barely misses the orc.
The sling bullet barely misses the orc wizard.
The sling bullet hits the orc.
The orc is severely wounded.
The orc hits you with a +2 flail of venom!
You shoot a sling bullet. The sling bullet hits the orc.
You kill the orc!
The orc wizard barely misses you. The orc misses you.
You shoot a sling bullet. The sling bullet misses the orc wizard.
A quokka comes into view.
The orc hits you from afar with a +0 trident.
The orc wizard casts a spell.
The orc wizard flickers and vanishes!
Deactivating autopickup; reactivate with Ctrl-A.
The quokka moves out of view.
The orc throws a javelin.
The javelin pierces through you!
* * * LOW HITPOINT WARNING * * *
Press: ? - help, v - describe, . - travel
Here: an orc, wielding a +0 short sword and quivering javelins The floor.
Unknown command.
It was a potion of might.
You feel very mighty all of a sudden.
The orc throws a javelin.
The javelin pierces through you!
You die...

Skill      XL: |  1  2 |
---------------+-------+-----
Ranged Weapons | 2 |  2.7
Dodging        | 2 |  2.2
Stealth        | 1 |  1.2
Fighting       | |  0.8
Spellcasting   | |  1.0
Hexes          | |  2.6

Action                     || total
---------------------------++-------
   Fire: Sling             ||    98
    Use: Potion            ||     1
 Armour: Robe              ||     6
  Dodge: Dodged            ||    28
  Block: Other             ||     3

Levels and vault maps discovered:
D:1:      dpeg_arrival_rhombus, layout_loops_ring,
          chequers_serial_rivers_small_a
D:2:      kennysheep_big_flooded_room, layout_basic,
          dilly_ecumenical_altar_fadedgnrine, minmay_misc_feat_room

Notes
Turn   | Place    | Note
-------+----------+-------------------------------------------
     0 | D:1      | scionoferis the Demigod Hexslinger began the quest for the
                  | Orb.
     0 | D:1      | Reached XP level 1. HP: 15/15 MP: 4/4
    55 | D:1      | Reached skill level 2 in Ranged Weapons
   118 | D:1      | Reached skill level 2 in Dodging
   126 | D:1      | Reached XP level 2. HP: 22/22 MP: 5/5
   309 | D:1      | Reached skill level 1 in Stealth
   814 | D:2      | Reached XP level 3. HP: 27/27 MP: 6/6
   851 | D:2      | Hit by a javelin thrown by an orc

Vanquished Creatures
  A dart slug (D:1)
  2 orcs (D:2)
  2 ball pythons (D:1 D:2)
  5 endoplasms (D:1 D:2)
  A giant cockroach (D:1)
  3 goblins (D:1 D:2)
  A hobgoblin (D:1)
  4 kobolds (D:1)
  4 quokkas (D:1)
  5 bats (D:1)
  A frilled lizard (D:1)
  3 rats (D:1 D:2)
32 creatures vanquished.

Table legend: (Time is in decaauts)
 A = Elapsed time spent in this place.
 B = Non-inter-level travel time spent in this place.
 C = Inter-level travel time spent in this place.
 D = Time resting spent in this place.
 E = Time spent auto-exploring this place.
 F = Levels seen in this place.
 G = Mean time per level.
                   A        B        C        D        E       F      G
               +--------+--------+--------+--------+--------+-----+--------+
         Total |    878 |    870 |      8 |      0 |    687 |   2 |  439.0 |
       Dungeon |    878 |    870 |      8 |      0 |    687 |   2 |  439.0 |
               +--------+--------+--------+--------+--------+-----+--------+

Top non-repeatable levels by time:
     D:1: 732 daAuts
     D:2: 146 daAuts

Table legend:
 A = Non-vault XP
 B = Vault XP
 C = Vault XP percentage of total XP
 D = Non-vault monster count
 E = Vault monster count
 F = Vault count percentage of total count
                 A         B        C        D         E       F
            +---------+---------+-------+---------+---------+-------
      Total |      58 |       0 |   0.0 |      32 |       0 |   0.0
            +---------+---------+-------+---------+---------+-------
        D:1 |      43 |       0 |   0.0 |      25 |       0 |   0.0
        D:2 |      15 |       0 |   0.0 |       7 |       0 |   0.0
            +---------+---------+-------+---------+---------+-------
